 Dungeon Crawl Stone Soup version 0.27-a0-1149-g4505690ab0 (webtiles) character file.

Game seed: 18058336800921422203

3901 chippings the Skirmisher (level 10, -1/79 HPs)
             Began as a Mummy Gladiator on May 13, 2021.
             Was a Follower of Dithmenos.
             Slain by a yak (7 damage)
             ... on level 8 of the Dungeon.
             The game lasted 00:18:54 (11385 turns).

chippings the Skirmisher (Mummy Gladiator)         Turns: 11385, Time: 00:18:54

Health: -1/79      AC: 17    Str: 20    XL:     10   Next: 0%
Magic:  10/10      EV:  2    Int:  8    God:    Dithmenos [*.....]
Gold:   382        SH: 15    Dex: 14    Spells: 9/9 levels left

rFire    x . .     SeeInvis .   r - +0 scimitar
rCold    + . .     Faith    .   e - +0 tower shield
rNeg     + + +     Spirit   .   u - +0 plate armour
rPois    ∞         Reflect  .   c - +0 helmet
rElec    .         Harm     .   (no cloak)
rCorr    .         Rampage  .   s - +0 pair of gloves
Will     +....                  k - +0 pair of boots
Stlth    ..........             y - amulet of magic regeneration
HPRegen  0.23/turn              m - +4 ring of protection
MPRegen  0.37/turn              (no ring)

@: wreathed by umbra
A: cold resistance 1, negative energy resistance 3, torment resistance 2, heat
vulnerability 1, no potions
a: Renounce Religion


You were on level 8 of the Dungeon.
You worshipped Dithmenos.
Dithmenos was aware of your devotion.
You visited 2 branches of the dungeon, and saw 9 of its levels.

You collected 382 gold pieces.

Inventory:

Hand Weapons
 l - a +2 dagger of venom
 r - a +0 scimitar (weapon)
 v - a +3 dagger of freezing
Missiles
 d - 3 throwing nets (quivered)
 j - 4 datura-tipped darts
 z - 4 javelins
 A - 18 poisoned darts
Armour
 c - a +0 helmet (worn)
 e - a +0 tower shield (worn)
 k - a +0 pair of boots (worn)
 s - a +0 pair of gloves (worn)
 u - a +0 plate armour (worn)
Magical Staves
 f - a staff of conjuration
 q - a staff of fire
Jewellery
 m - a +4 ring of protection (left hand)
 y - an amulet of magic regeneration (around neck)
Wands
 a - a wand of mindburst (15)
 b - a wand of iceblast (4)
Scrolls
 g - a scroll of fog
 h - a scroll of immolation
 i - 3 scrolls of teleportation
 n - 5 scrolls of identify
 o - 2 scrolls of enchant armour {unknown}
 p - a scroll of fear {unknown}
 t - a scroll of vulnerability {unknown}
 w - a scroll of noise {unknown}
 x - 2 scrolls of amnesia


   Skills:
 + Level 7.3 Fighting
 - Level 5.0(6.8) Short Blades
 * Level 7.0(7.8) Long Blades
 + Level 2.8 Throwing
 - Level 2.4 Dodging
 + Level 5.7 Shields


You had 9 spell levels left.
You didn't know any spells.
Your spell library was empty.

Dungeon Overview and Level Annotations

Branches:
Dungeon (8/15)             Temple (1/1) D:7
   Lair: D:8-11

Altars:
Dithmenos
Fedhas
Makhleb
Yredelemnul

Annotations:
D:7 2 transporters, shoop's ghost, novice OgAM


Innate Abilities, Weirdness & Mutations

You are immune to poison.
Your flesh is cold resistant. (rC+)
You are immune to negative energy. (rN+++)
You are immune to unholy pain and torment.
You are vulnerable to heat. (rF-)
You do not drink.


Message History

You kill the yak!
Dithmenos accepts your kill.
Your Long Blades skill increases to level 7!
You have reached level 10!
You feel clever.
You hit the yak.
The yak is lightly wounded.
The yak gores you.
* * * LOW HITPOINT WARNING * * *
You block the yak's attack.
You hit the yak.
The yak is moderately wounded.
The yak gores you.
* * * LOW HITPOINT WARNING * * *
You slash the yak!
The yak is heavily wounded.
You block the yak's attack.
You slash the yak!
The yak is severely wounded.
The yak gores you!
* * * LOW HITPOINT WARNING * * *
The yak gores you but does no damage.
You hit the yak but do no damage.
The yak is severely wounded.
The yak gores you but does no damage.
You see here a +2 whip of draining.
You closely miss the yak.
The yak is severely wounded.
You block the yak's attack. The yak gores you.
* * * LOW HITPOINT WARNING * * *
You hit the yak but do no damage.
The yak is severely wounded.
The yak gores you but does no damage.
You hit the yak but do no damage.
The yak is severely wounded.
You block the yak's attack.
You hit the yak but do no damage.
The yak is severely wounded.
The yak gores you but does no damage. The yak gores you!
You die...

########## #....†...#
#####
#.######)###########...#
#######.#
#.Y@.......[..#.#
.....†..#
#############..<#
######### ##.## #.# #.#
###.# ≈####...#
≈≈≈≈≈≈..## #####≈≈≈≈##


You could see a yak.

Vanquished Creatures
  2 yaks (D:8)
  Menkaure (D:6)
  3 steam dragons
  A water moccasin (D:7)
  An orc warrior (D:5)
  A sky beast (D:6)
  2 ice beasts
  2 black bears (D:6)
  2 centaurs (D:7)
  2 necrophages
  3 ogres (D:5)
  A bullfrog (D:8)
  5 scorpions
  2 water moccasin skeletons
  A killer bee (D:7)
  5 wights
  A centaur zombie (D:7)
  A gnoll shaman (D:1)
  4 hounds
  3 jellies
  3 bullfrog skeletons
  Jessica (D:2)
  2 centaur skeletons
  Terence (D:2)
  7 iguanas
  3 orc wizards
  Natasha (thrice) (D:2)
  3 killer bee zombies
  2 hound skeletons
  12 gnolls
  6 adders
  A worm (D:3)
  4 dart slugs
  8 orcs
  7 endoplasms
  2 giant cockroaches (D:3)
  5 hobgoblins
  5 quokkas
  8 ball pythons
  3 bats
  11 frilled lizards
  12 goblins
  7 kobolds
  7 rats
  A spectral orc (D:7)
167 creatures vanquished.

Vanquished Creatures (others)
  A centaur (D:7)
  13 demonic plants (D:2)
  5 fungi (D:2)
  27 plants
  6 withered plants (D:2)
52 creatures vanquished.

Grand Total: 219 creatures vanquished

Notes
Turn   | Place    | Note
-------+----------+-------------------------------------------
     0 | D:1      | chippings the Mummy Gladiator began the quest for the Orb.
     0 | D:1      | Reached XP level 1. HP: 16/16 MP: 1/1
   587 | D:1      | Reached XP level 2. HP: 22/22 MP: 2/2
  1528 | D:2      | Noticed a necrophage
  1542 | D:1      | Killed a necrophage
  1543 | D:1      | Reached skill level 1 in Shields
  1543 | D:1      | Reached XP level 3. HP: 11/28 MP: 3/3
  1543 | D:1      | Reached XP level 4. HP: 14/34 MP: 4/4
  1781 | D:2      | Found a faded altar of an unknown god.
  1845 | D:2      | Noticed Jessica
  1859 | D:2      | Killed Jessica
  1910 | D:2      | Reached XP level 5. HP: 41/41 MP: 5/5
  1937 | D:2      | Noticed Terence
  2471 | D:2      | Killed Terence
  2654 | D:2      | Noticed Natasha
  2674 | D:2      | Killed Natasha
  3143 | D:2      | Noticed Natasha
  3155 | D:2      | Killed Natasha
  3266 | D:2      | Noticed Natasha
  3278 | D:2      | Killed Natasha
  3279 | D:2      | Reached XP level 6. HP: 23/47 MP: 6/6
  4018 | D:1      | HP: 1/47 [gnoll/+0 halberd (2)]
  5285 | D:3      | Found a blossoming altar of Fedhas.
  5777 | D:4      | Reached skill level 5 in Long Blades
  5777 | D:4      | Reached XP level 7. HP: 38/54 MP: 7/7
  6044 | D:4      | Reached skill level 1 in Short Blades
  6388 | D:5      | Entered Level 5 of the Dungeon
  7253 | D:5      | Reached skill level 5 in Fighting
  7253 | D:5      | Reached XP level 8. HP: 60/62 MP: 8/8
  7313 | D:5      | Found a shadowy altar of Dithmenos.
  7394 | D:5      | Became a worshipper of Dithmenos the Shadowed
  8189 | D:7      | Reached skill level 5 in Short Blades
  8303 | D:6      | Found a burning altar of Makhleb.
  8603 | D:6      | Reached XP level 9. HP: 55/69 MP: 9/9
  9250 | D:6      | Noticed Menkaure
  9257 | D:6      | Killed Menkaure
  9258 | D:6      | Reached skill level 5 in Shields
 10750 | D:7      | Found a transporter.
 10765 | D:7      | Identified the +9 spear of Mausierast {venom, rC- rN+ Str+5
                  | Int+2}
 10765 | D:7      | Identified the +2 kite shield of Forking Paths {Will++
                  | Int-3 SInv}
 10881 | D:7      | Noticed shoop's ghost (novice OgAM)
 10883 | D:7      | Identified the ring "Pyfimix" {rPois Str+5}
 10899 | D:7      | Found a transporter.
 10944 | D:7      | Reached * piety under Dithmenos
 10986 | D:7      | Found a basalt altar of Yredelemnul.
 11059 | D:7      | Found a staircase to the Ecumenical Temple.
 11066 | Temple   | Entered the Ecumenical Temple
 11373 | D:8      | Reached XP level 10. HP: 19/79 MP: 10/10
 11385 | D:8      | Slain by a yak

Illustrated notes

Levels and vault maps discovered:
D:1:      dpeg_arrival_arbitrary_b, layout_loops_cross, minivault_5
D:2:      layout_rooms, shapermc_ecumenical_altar_gd, dk_noncrumbling_3,
          chequers_serial_rivers_small_a, uniq_jessica, uniq_natasha,
          uniq_terence
D:3:      layout_loops_ring, fedhas_altar_fruit_tree
D:4:      layout_loops_cross, minmay_lizard_king
D:5:      layout_loops_corners, lemuel_crystal_altar, serial_glass,
          glass_columns_b, glass_columns_a, feat_on_display, feat_on_display,
          minmay_strange_pillars, feat_on_display
D:6:      layout_layer_cave, kennysheep_little_box, hangedman_decor_push,
          grunt_ministairs_13, uniq_menkaure
D:7:      layout_rooms, yredelemnul_forgotten_temple_becter,
          minmay_temple_entry_tees, gammafunk_ghost_gnarly_gnolls,
          minmay_quadrilaterals
D:8:      layout_loops_ring, kennysheep_mini, minmay_manual_mullet,
          uniq_prince_ribbit1
Temple:   minmay_temple_curvy_branch

Skill      XL: |  1  2  3  4  5  6  7  8  9 |
---------------+----------------------------+-----
Long Blades    | 3 4 5 7 |  7.0
Shields        | 1 2 3 4 5 |  5.7
Fighting       | 3 4 5 6 7 |  7.3
Short Blades   | 3 5 |  5.0
Throwing       | 2 |  2.8
Dodging        | |  2.4

Action                   |  1- 3 |  4- 6 |  7- 9 | 10-12 || total
-------------------------+-------+-------+-------+-------++-------
Melee: Long sword        |    79 |   178 |       |       ||   257
       Dagger            |       |    74 |   237 |       ||   311
       Scimitar          |       |       |   253 |     9 ||   262
  Use: Scroll            |       |     5 |     1 |       ||     6
 Stab: Sleeping          |     1 |       |       |       ||     1
Armor: Leather armour    |    22 |       |       |       ||    22
       Ring mail         |     3 |    64 |     5 |       ||    72
       Chain mail        |       |       |    51 |       ||    51
       Plate armour      |       |       |   241 |     4 ||   245
Dodge: Dodged            |    22 |    55 |    47 |       ||   124
Block: Tower shield      |    64 |   219 |   438 |     4 ||   725
       Rpst.: Long sword |     8 |    14 |       |       ||    22
       Scimitar          |       |       |     8 |       ||     8

Table legend: (Time is in decaauts)
 A = Elapsed time spent in this place.
 B = Non-inter-level travel time spent in this place.
 C = Inter-level travel time spent in this place.
 D = Time resting spent in this place.
 E = Time spent auto-exploring this place.
 F = Levels seen in this place.
 G = Mean time per level.
                   A        B        C        D        E       F      G
               +--------+--------+--------+--------+--------+-----+--------+
         Total |  11794 |  11428 |    366 |   1987 |   6427 |   9 | 1310.4 |
       Dungeon |  11792 |  11426 |    366 |   1987 |   6427 |   8 | 1474.0 |
        Temple |      1 |      1 |      0 |      0 |      0 |   1 |    1.0 |
               +--------+--------+--------+--------+--------+-----+--------+

Top non-repeatable levels by time:
     D:1: 2536 daAuts
     D:2: 2218 daAuts
     D:6: 2207 daAuts
     D:5: 1484 daAuts
     D:4: 1149 daAuts
     D:7: 1049 daAuts
     D:3: 1025 daAuts
     D:8: 121 daAuts
  Temple: 1 daAuts
